Map: 블루시프트 - 래더

Players

Solar - Winner!

  • Race: Zerg Zerg
  • League: Platinum
  • Spawn Location: 1:00

Clem

  • Race: Terran Terran
  • League: Master
  • Spawn Location: 7:00

Event: HomeStory Cup XVIII

VOD

Have the link to the VOD?

Description

Time

  • Played on: Nov. 23, 2018, 9:34 a.m.
  • Length: 5:49

All games in this series

Show
View Real Time Build Order
Export as new Build Order

Solar Zerg - Winner!

Build Orders: Hatch First 

Get SALT Encoding   

  12  0:02  Drone  
  13  0:13  Overlord  
  13  0:17  Drone  
  14  0:31  Drone  
  14  0:32  Drone  
  16  0:47  Hatchery  
  15  0:51  Drone  
  15  0:56  Drone  
  17  0:58  Drone  
  18  1:05  Extractor  
  17  1:13  Spawning Pool  
  17  1:17  Drone  
  17  1:19  Drone  
  18  1:29  Drone  
  19  1:46  Drone  
  20  1:55  Overlord  
  20  2:00  Queen x2  
  25  2:01  Zergling x4  
  25  2:07  Metabolic Boost  
  26  2:15  Drone  
  27  2:29  Hatchery  
  26  2:31  Drone  
  26  2:33  Drone  
  26  2:36  Drone  
  28  2:42  Drone  
  29  2:46  Queen  
  29  2:51  Overlord  
  31  2:55  Drone  
  31  2:57  Drone  
  33  2:58  Drone  
  33  3:03  Drone  
  33  3:04  Drone  
  36  3:11  Drone x2  
  36  3:12  Drone x2  
  40  3:15  Drone  
  40  3:19  Drone  
  42  3:20  Overlord  
  42  3:25  Drone  
  43  3:36  Roach Warren  
  43  3:37  Drone x2  
  43  3:39  Overlord  
  44  3:42  Extractor, Drone x2  
  44  3:43  Extractor  
  44  3:44  Zergling x2  
  44  3:45  Zergling x2  
  44  3:47  Zergling x2  
  47  3:50  Drone  
  47  3:52  Overlord  
  48  3:58  Overlord  
  48  4:16  Roach x4  
  58  4:17  Roach x3  
  58  4:18  Roach x2  
  58  4:21  Roach  
  68  4:26  Zergling x2  
  68  4:29  Overlord  
  68  4:31  Overlord  
  69  4:36  Zergling x6  
  72  4:39  Zergling x2  
  72  4:41  Overlord  
  72  4:44  Overlord  
  72  4:49  Ravager x3  
  72  4:52  Zergling x4  
  77  4:56  Zergling x2  
  77  4:57  Zergling x4  
  77  4:58  Zergling x2  
  82  5:00  Zergling x2  
  82  5:07  Ravager  
  82  5:08  Zergling x6  
  82  5:10  Overlord  
  86  5:15  Ravager  
  86  5:17  Zergling x2  
  86  5:18  Zergling x4  
  90  5:24  Ravager  
  90  5:25  Zergling x8  
  90  5:28  Ravager  
  96  5:35  Ravager  
Show
View Real Time Build Order
Export as new Build Order

Clem Terran 

Build Orders: Hellion Opening, Reaper Expand 

Get SALT Encoding   

  12  0:00  SCV  
  13  0:13  SCV  
  14  0:16  Supply Depot  
  14  0:26  SCV  
  15  0:38  SCV  
  15  0:40  Barracks  
  16  0:45  Refinery  
  16  0:50  SCV  
  17  1:02  SCV  
  18  1:14  SCV  
  19  1:27  Orbital Command  
  19  1:28  Reaper  
  20  1:40  Command Center  
  20  1:50  Supply Depot  
  20  1:53  SCV  
  21  2:00  Marine  
  22  2:05  Factory  
  22  2:09  SCV  
  22  2:13  Refinery  
  23  2:21  SCV  
  23  2:22  Barracks Reactor  
  24  2:33  SCV  
  25  2:45  SCV  
  26  2:51  Starport  
  26  2:54  Orbital Command  
  26  2:57  SCV  
  27  3:03  Hellion x2  
  31  3:09  SCV  
  31  3:12  Barracks Tech Lab  
  32  3:19  Supply Depot  
  32  3:20  SCV  
  32  3:21  SCV  
  32  3:26  Hellion x2  
  38  3:32  Marauder  
  38  3:33  Viking, Concussive Shells  
  42  3:40  SCV x2  
  44  3:44  Supply Depot  
  44  3:51  Hellion x2  
  44  3:52  SCV  
  44  3:55  Marauder  
  51  4:01  SCV  
  52  4:04  SCV  
  52  4:08  Medivac  
  55  4:10  Armory  
  55  4:14  Hellion  
  59  4:17  Hellion  
  59  4:23  Supply Depot, Marauder  
  61  4:25  SCV  
  62  4:34  SCV  
  61  4:45  SCV  
  66  4:52  SCV  
  63  4:55  Command Center  
  63  4:57  SCV  
  63  4:58  Bunker  
  64  5:00  Marine x2  
  64  5:01  Siege Tank  
  69  5:10  Bunker, SCV  
  69  5:11  Supply Depot  
  69  5:13  SCV  
  70  5:23  Supply Depot  
  70  5:24  Supply Depot x2  
  66  5:33  SCV  
  62  5:36  SCV  
Tags
 
Add a new tag
Caveats
  • Supply blocks, unpowered buildings, or Contaminate may cause inaccurate times.
  • Supply counts are checked every 10 seconds.